 Dungeon Crawl Stone Soup version 0.28-a0-653-g7e9dba17c3 (webtiles) character file.

Game seed: 4232643155786181576

196 KoroneIsBestGirl the Chiller (level 5, -3/39 HPs)
             Began as a Barachi Ice Elementalist on Oct 11, 2021.
             Was an Initiate of Ru.
             Slain by an ice beast (6 damage)
             ... on level 3 of the Dungeon.
             The game lasted 00:04:39 (3650 turns).

KoroneIsBestGirl the Chiller (BaIE)                 Turns: 3650, Time: 00:04:40

Health: -3/39      AC:  3    Str: 10    XL:     5   Next: 75%
Magic:  3/10       EV: 12    Int: 16    God:    Ru [......]
Gold:   68         SH:  0    Dex: 12    Spells: 7/11 levels left

rFire   . . .      SeeInvis .   c - +0 dagger
rCold   . . .      Faith    .   (no shield)
rNeg    . . .      Spirit   .   a - +1 robe
rPois   .          Reflect  .   (no helmet)
rElec   .          Harm     .   (no cloak)
rCorr   .          Rampage  .   (no gloves)
Will    .....                   (no boots)
Stlth   ++........              (no amulet)
HPRegen 0.13/turn               (no ring)
MPRegen 0.12/turn               (no ring)

@: slow
A: amphibious, slowness 1, strong legs 1, +LOS
a: Hop, Renounce Religion


You were on level 3 of the Dungeon.
You worshipped Ru.
Ru was noncommittal.
You visited 1 branch of the dungeon, and saw 3 of its levels.

You collected 68 gold pieces.

Inventory:

Hand Weapons
 c - a +0 dagger (weapon)
Armour
 a - a +1 robe (worn)
Jewellery
 o - a ring of wizardry
Wands
 e - a wand of polymorph (1)
 n - a wand of flame (15)
Scrolls
 d - a scroll of enchant armour
 k - a scroll of summoning {unknown}
 m - a scroll of immolation
 p - a scroll of teleportation {unknown}
Potions
 b - 5 potions of curing
 f - 2 potions of attraction {unknown}
 j - 3 potions of heal wounds {unknown}
 l - a potion of haste {unknown}
 q - a potion of invisibility {unknown}


   Skills:
 + Level 2.6 Fighting
 - Level 3.0 Dodging
 - Level 1.7 Stealth
 + Level 3.8 Spellcasting
 + Level 6.1 Ice Magic


You had 7 spell levels left.
You knew the following spells:

 Your Spells              Type           Power      Damage    Failure   Level
a - Freeze                Ice            88%        1d10      1%          1
b - Frozen Ramparts       Ice            44%        1d6       4%          3

Your spell library contained the following spells:

 Spells                   Type           Power      Damage    Failure   Level
 Ozocubu's Armour         Ice            22%        N/A       4%          3
 Summon Small Mammal      Summ           12%        N/A       17%         1
 Hailstorm                Conj/Ice       12%        3d5       43%         4
 Call Canine Familiar     Summ           3%         N/A       45%         3
 Summon Guardian Golem    Hex/Summ       3%         N/A       45%         3


Dungeon Overview and Level Annotations

Branches:
Dungeon (3/15)

Altars:
Hepliaklqana
Ru
Yredelemnul


Innate Abilities, Weirdness & Mutations

You are amphibious.
You cover ground slowly.
You can hop short distances.
You have an extended range of vision and can be seen from far away.


Message History

Press: ? - help, Dir - look around, f - activate The walls around you are covered in ice.
The ice beast completely resists.
The wall freezes the ice beast but does no damage.
The ice beast hits you but does no damage.
You freeze the ice beast but do no damage.
The ice beast completely resists. x2
The wall freezes the ice beast but does no damage.
The ice beast misses you.
You freeze the ice beast but do no damage.
The ice beast completely resists. x2
The wall freezes the ice beast but does no damage.
The ice beast hits you. The ice beast freezes you!
You freeze the ice beast but do no damage.
The ice beast completely resists. x2
The wall freezes the ice beast but does no damage.
The ice beast hits you but does no damage.
You freeze the ice beast but do no damage.
The ice beast completely resists. x2
The wall freezes the ice beast but does no damage.
The ice beast hits you but does no damage.
As you read the scroll labelled XYSHAU SEMP, it crumbles to dust.
You hear a loud clanging noise!
It was a scroll of noise.
The ice beast completely resists.
The wall freezes the ice beast but does no damage.
The ice beast misses you.
As you read the scroll labelled PYISAG OJOYMU, it crumbles to dust.
It is a scroll of amnesia.
Really abort (and waste the scroll)?
Okay, then.
The frozen ramparts melt away.
The ice beast hits you. The ice beast freezes you!
* * * LOW HITPOINT WARNING * * *
As you read the scroll labelled YZERAZ XOSYRE, it crumbles to dust.
It is a scroll of identify.
m - a scroll of immolation The ice beast hits you.
* * * LOW HITPOINT WARNING * * *
The ice beast freezes you.
You die...

#.#.# #.# #≈♣8♣≈#
#... ##.#.# #.#
#≈≈≈≈≈# ####
#....######.#
#≈≈≈≈≈# #..
#.###........##
##≈≈≈######.# #.
#.........# #####
#.>...
#.###..#####...
#.##.#
#...#.###.#.########
#.##.#
##........Y....=....
#.##.#
####.###.#@#####
#.##.# #.# #.....#
#.##.# #.# #####.#
#.##.# #.# #.#
#..... #.# #.#
####.# #.# #.# #.#
#<# #.# #.# #.#
#.### ####.# #.#
#...# #....#


You could see an ice beast.

Vanquished Creatures
  Natasha (thrice) (D:3)
  2 adders (D:2)
  4 gnolls (D:3)
  A worm (D:3)
  A dart slug (D:1)
  An orc (D:3)
  7 ball pythons
  5 endoplasms
  3 giant cockroaches
  3 hobgoblins (D:1)
  4 jackals (D:3)
  3 kobolds
  3 quokkas
  5 bats
  3 frilled lizards (D:2)
  6 goblins
  8 rats
62 creatures vanquished.

Notes
Turn   | Place    | Note
-------+----------+-------------------------------------------
     0 | D:1      | KoroneIsBestGirl the Barachi Ice Elementalist began the
                  | quest for the Orb.
     0 | D:1      | Reached XP level 1. HP: 13/13 MP: 3/3
   204 | D:1      | Reached skill level 5 in Ice Magic
   204 | D:1      | Reached XP level 2. HP: 6/19 MP: 0/5
  1220 | D:2      | Reached XP level 3. HP: 21/24 MP: 5/7
  1750 | D:2      | Found a faded altar of an unknown god.
  1792 | D:2      | Prayed at the altar of an unknown god.
  1792 | D:2      | Became a worshipper of Ru the Awakened
  2303 | D:2      | Reached XP level 4. HP: 30/31 MP: 6/8
  2583 | D:3      | Reached skill level 1 in Fighting
  2707 | D:3      | Learned a level 3 spell: Frozen Ramparts
  2874 | D:3      | Noticed Natasha
  2888 | D:3      | Killed Natasha
  2889 | D:3      | Reached XP level 5. HP: 29/38 MP: 1/10
  2908 | D:3      | Noticed Natasha
  2914 | D:3      | Killed Natasha
  2915 | D:3      | Reached skill level 6 in Ice Magic
  3092 | D:3      | Found a hazy altar of Hepliaklqana.
  3166 | D:3      | Noticed an ice beast
  3254 | D:3      | Found a basalt altar of Yredelemnul.
  3275 | D:3      | Noticed Natasha
  3282 | D:3      | Killed Natasha
  3650 | D:3      | Slain by an ice beast

Illustrated notes

Levels and vault maps discovered:
D:1:      dpeg_arrival_water_temple_mockup, layout_loops_ring
D:2:      layout_loops_corners, ebering_ecumenical_altar_webs
D:3:      layout_loops_ring, mainiacjoe_overflow_chevrons,
          worldfamousw_hep_ancestral_shrine, chequers_serial_rivers_micro_b,
          minivault_23, minmay_pentomino_pile, uniq_natasha

Skill      XL: |  1  2  3  4  5 |
---------------+----------------+-----
Ice Magic      | 5 6 |  6.1
Dodging        | 3 |  3.0
Spellcasting   | 3 |  3.8
Fighting       | 2 |  2.6
Stealth        | |  1.7

Action                   |  1- 3 |  4- 6 || total
-------------------------+-------+-------++-------
Melee: Unarmed           |     2 |       ||     2
       Dagger            |     9 |     9 ||    18
 Cast: Freeze            |    50 |    46 ||    96
       Frozen Ramparts   |       |     4 ||     4
Invok: Reject Sacrifices |     1 |       ||     1
 Abil: Hop               |       |     1 ||     1
  Use: Scroll            |       |     5 ||     5
 Stab: Sleeping          |     2 |     1 ||     3
Armor: Robe              |    22 |     7 ||    29
Dodge: Dodged            |    39 |    39 ||    78

Table legend: (Time is in decaauts)
 A = Elapsed time spent in this place.
 B = Non-inter-level travel time spent in this place.
 C = Inter-level travel time spent in this place.
 D = Time resting spent in this place.
 E = Time spent auto-exploring this place.
 F = Levels seen in this place.
 G = Mean time per level.
                   A        B        C        D        E       F      G
               +--------+--------+--------+--------+--------+-----+--------+
         Total |   4020 |   3963 |     57 |      0 |   3484 |   3 | 1340.0 |
       Dungeon |   4020 |   3963 |     57 |      0 |   3484 |   3 | 1340.0 |
               +--------+--------+--------+--------+--------+-----+--------+

Top non-repeatable levels by time:
     D:2: 1461 daAuts
     D:3: 1318 daAuts
     D:1: 1240 daAuts
